 Dungeon Crawl Stone Soup version 0.30.0-21-gd299b56b3f (webtiles) character file.

Game seed: 14916878755290000866

46 qw the Chopper (level 3, 0/23 HPs)
             Began as a Gargoyle Fighter on June 2, 2023.
             Was an Initiate of Okawaru.
             Slain by Terence
             ... wielding a +0 mace
              (2 damage)
             ... on level 2 of the Dungeon.
             The game lasted 00:00:37 (1357 turns).

qw the Chopper (Gargoyle Fighter)                   Turns: 1357, Time: 00:00:38

Health: 0/23       AC: 10    Str: 21    XL:     3   Next: 66%
Magic:  3/3        EV:  9    Int:  8    God:    Okawaru [......]
Gold:   94         SH:  4    Dex:  9    Spells: 2/2 levels left

rFire   . . .        Y - +1 war axe
rCold   . . .        c - +0 buckler
rNeg    + . .        b - +0 scale mail
rPois   inf          (no helmet)
rElec   +            (no cloak)
rCorr   .            (no gloves)
SInv    .            (no boots)
Will    .....        (no amulet) Stlth
                     (no ring)
HPRegen 0.23/turn    (no ring)
MPRegen 0.08/turn

%: no passive effects
@: no status effects
A: sickness immunity, AC +3, negative energy resistance 1, electricity
resistance, torment resistance 1, petrification resistance
a: Renounce Religion


You were on level 2 of the Dungeon.
You worshipped Okawaru.
Okawaru was noncommittal.
You visited 1 branch of the dungeon, and saw 2 of its levels.

You collected 94 gold pieces.


Innate Abilities, Weirdness & Mutations

You are immune to sickness and miasma.
Your stone body is resilient. (AC +3)
You are immune to poison.
You resist negative energy. (rN+)
You are resistant to electric shocks. (rElec)
You are resistant to unholy torment.
You are immune to petrification.


   Skills:
 - Level 3.2 Fighting
 + Level 3.5 Axes
 - Level 3.2 Armour
 - Level 3.2 Shields


You had 2 spell levels left.
You didn't know any spells.
Your spell library was empty.

Inventory:

Hand Weapons
 e - a +0 mace
 Y - a +1 war axe (weapon)
Armour
 b - a +0 scale mail (worn)
 c - a +0 buckler (worn)
Scrolls
 a - a scroll of teleportation {unknown}
 f - a scroll of identify {unknown}
 g - 2 scrolls of silence {unknown}
Potions
 d - a potion of might
 h - 2 potions of flight {unknown}
 i - a potion of cancellation {unknown}
 j - a potion of heal wounds {unknown}
 k - a potion of attraction {unknown}

Dungeon Overview and Level Annotations

Branches:
Dungeon (2/15)

Altars:
Okawaru

Annotations:
D:2 Terence


Message History

h - 2 amethyst potions (gained 1)
k - a brown potion
Enter note:
Enter note:
Enter note: A goblin comes into view. It is wielding a +0 club.
The goblin shouts!
You hear a shout!
Enter note:
Enter note:
Enter note: Terence the Incautious comes into view.
He is wielding a +0 mace.
You barely miss the goblin. You block the goblin's attack. x2
You slash the goblin!
You kill the goblin!
Okawaru accepts your kill.
You barely miss Terence. Terence hits you but does no damage.
You closely miss Terence. You block Terence's attack.
Terence hits you with a +0 mace.
You hit Terence but do no damage. Terence hits you but does no damage.
You hit Terence but do no damage. Terence hits you with a +0 mace.
You closely miss Terence. Terence hits you with a +0 mace.
Terence looks scornfully at you. Terence barely misses you.
You completely miss Terence. Terence hits you but does no damage.
You hit Terence.
Terence is lightly wounded.
Terence barely misses you.
You hit Terence but do no damage.
Terence is lightly wounded.
Terence hits you with a +0 mace. x2
You hit Terence but do no damage.
Terence is lightly wounded.
Terence hits you with a +0 mace.
You die...

#......# #.#
#.##.#.# #.#
#.##.#.# ##
#.#
#.##.#.#####
.## #.#
#.##.......#
..#
#.####.###.#
.. #......#
#.# .#
########
#.####@#
#....@.#
########


You could see Terence.

Vanquished Creatures
  An adder (D:2)
  4 ball pythons
  5 endoplasms
  2 giant cockroaches
  3 goblins
  2 hobgoblins (D:1)
  3 jackals (D:1)
  A quokka (D:1)
  3 bats (D:1)
  A frilled lizard (D:1)
  2 kobolds (D:1)
  7 rats
34 creatures vanquished.

Notes
Turn   | Place    | Note
-------+----------+-------------------------------------------
     0 | D:1      | qw the Gargoyle Fighter began the quest for the Orb.
     0 | D:1      | Reached XP level 1. HP: 14/14 MP: 1/1
     0 | D:1      | 0 ||| qw: Version: 0.2-a-102-gdf20003
     0 | D:1      | 0 ||| qw: Game counter: 861
     0 | D:1      | 0 ||| qw: Always use a shield: true
     0 | D:1      | 0 ||| qw: God list: Okawaru
     0 | D:1      | 0 ||| qw: Allow faded altars: false
     0 | D:1      | 0 ||| qw: Do Orc after D:15 true
     0 | D:1      | 0 ||| qw: Do second Lair branch before Depths: true
     0 | D:1      | 0 ||| qw: Lair rune preference: random
     0 | D:1      | 0 ||| qw: Plans: Normal, Zot:1-4, Slime:5, God:TSO, Crypt,
                  | Tomb, Pan, Hells, Abyss, Win
     0 | D:1      | 0 ||| PLANNING D:1-11
   121 | D:1      | Reached XP level 2. HP: 19/19 MP: 2/2
   693 | D:1      | 693 ||| Stepping ~*~*~tactically~*~*~ (stealth).
   720 | D:1      | Reached skill level 3 in Axes
   748 | D:1      | Found a faded altar of an unknown god.
   804 | D:1      | Reached XP level 3. HP: 23/23 MP: 3/3
  1016 | D:1      | 1016 ||| READING scroll labelled ODAIBBONOI.
  1017 | D:1      | 1017 ||| READING scroll labelled RODOIPNIUZ.
  1125 | D:2      | Found an iron altar of Okawaru.
  1126 | D:2      | 1126 ||| PLANNING OKAWARU WORSHIP
  1133 | D:2      | Became a worshipper of Warmaster Okawaru
  1133 | D:2      | 1133 ||| PLANNING D:1-11
  1346 | D:2      | Noticed Terence
  1356 | D:2      | HP: 4/23 [Terence/+0 mace (4)]
  1357 | D:2      | Slain by Terence

Levels and vault maps discovered:
D:1:      dpeg_arrival_chambers_temple_mockup, layout_basic,
          shapermc_ecumenical_altar_mp_ritualfount
D:2:      layout_loops_corners, basic_altar, uniq_terence

Skill      XL: |  1  2 |
---------------+-------+-----
Axes           | 2 3 |  3.5
Fighting       | |  3.2
Armour         | |  3.2
Shields        | |  3.2

Action                     || total
---------------------------++-------
  Melee: War axe           ||   119
    Use: Scroll            ||     2
 Armour: Scale mail        ||    50
  Dodge: Dodged            ||    48
  Block: Buckler           ||    27

Table legend:
 A = Non-vault XP
 B = Vault XP
 C = Vault XP percentage of total XP
 D = Non-vault monster count
 E = Vault monster count
 F = Vault count percentage of total count
                 A         B        C        D         E       F
            +---------+---------+-------+---------+---------+-------
      Total |      66 |       0 |   0.0 |      34 |       0 |   0.0
            +---------+---------+-------+---------+---------+-------
        D:1 |      42 |       0 |   0.0 |      27 |       0 |   0.0
        D:2 |      24 |       0 |   0.0 |       7 |       0 |   0.0
            +---------+---------+-------+---------+---------+-------
